Unix NetHack Version 5.0.0-0 post-release - last build May 10 2026 23:12:36 (d1fa5d53e341ca933230fdaa984d921c805b60aa,branch:main).

Game began 2026-05-11 17:36:04, ended 2026-05-11 19:30:57.

IanCurtis, chaotic male elven Wizard

                                                         -------------
                                           --------      |..{........|
                                           |......|     #-...........|
                              -------     #-......|     #|..<........|
                              |.....|      |(.....|    ##-----------.-
                              |.....|      |......-#####            #
                              |.....|      |......|                 #
                              |.....|######.......|                 #
                    ####      |......#     --------                 #
                       #      |.....|                               #
                       #      -.-----    ########################## #
                       @a###   %    ######                      --.-|-----
                      #    ## ###                               |........|
                          ##  ## #                              |........|
                           #   ####                             |...(....|
                           #  --+-.-------                      |........|
                           ###|.....>....|                      |........|
                             #...........|                      |........|
                              ------------                      ----------

IanCurtis the Thaumaturge  St:25 Dx:9 Co:14 In:18 Wi:13 Ch:13  Chaotic
Dlvl:8  $:271 HP:0(41) Pw:75(75) AC:7  Xp:6 T:3957 

Latest messages:
 (For instructions type a '?')
 In what direction? .
 You feel better.
 You fail to cast the spell correctly.
 You hit the rope golem!
 In what direction? j
 The spell hits the rope golem!
 The rope golem hits!
 The rope golem just misses!
 You destroy the rope golem!
 There is an open door here.
 You see here a rock piercer corpse.
 There is a rock piercer corpse here; eat it? [ynq] (n) y
 This rock piercer corpse is tough.
 You finish eating the rock piercer corpse.
 You kill the gecko!
 The manes hits!
 The manes hits again!
 The manes bites!
 You feel more confident in your weapon skills.
 (Tip: use the #enhance command to advance them.)
 You destroy the manes!
 You destroy the manes!
 You are now more skilled in quarterstaff.
 The yellow light explodes!
 You are blinded by a blast of light!
 You hit the giant beetle.
 The giant beetle bites!
 You kill the giant beetle!
 You try to feel what is lying here on the ground.
 You feel here a giant beetle corpse.
 You try to feel what is lying here on the ground.
 You feel here a giant beetle corpse.
 A coyote suddenly appears!
 You can see again.
 You see here a golden potion.
 B - a golden potion (2 in total).
 You are carrying too much to get through.
 You stop searching.
 The soldier ant bites!
 The soldier ant stings!
 What do you want to write with? [- ac-enrJVW or ?*] -
 You write in the dust with your fingertip.
 What do you want to write in the dust here? Elbereth
 The soldier ant bites!
 The soldier ant stings!
 The soldier ant bites!
 The soldier ant stings!
 You die...
 Do you want your possessions identified? [ynq] (y) q

Inventory:
 Coins    ('$')
  $ - 271 gold pieces
 Weapons  (')')
  a - a blessed +1 quarterstaff (weapon in hands)
 Armor    ('[')
  t - an uncursed +0 helm of caution
  q - an uncursed +0 orcish helm (being worn)
  C - an uncursed +0 pair of gauntlets of power (being worn)
  y - an uncursed +1 pair of leather gloves
  x - an uncursed +0 pair of speed boots
  Q - an uncursed +0 cloak of magic resistance (being worn)
 Comestibles  ('%')
  s - 3 uncursed tripe rations
  w - an uncursed lichen corpse
 Scrolls  ('?')
  u - a cursed scroll of enchant weapon
  z - an uncursed scroll of teleportation
 Spellbooks  ('+')
  D - an uncursed spellbook of healing
 Potions  ('!')
  B - 2 uncursed potions of gain energy
  v - 4 uncursed potions of healing
  A - a cursed potion of healing
 Rings    ('=')
  V - a cursed -3 ring of gain constitution
  r - a cursed -2 ring of increase accuracy
  d - an uncursed ring of invisibility
  e - an uncursed ring of teleportation
 Wands    ('/')
  W - a wand of digging (0:7)
  c - a wand of locking (0:6)
  J - a wand of speed monster (0:5)
 Tools    ('(')
  b - an uncursed bag of holding containing 18 items
  o - an uncursed wooden harp
  n - a magic marker (0:22)

Contents of the bag of holding:
  an uncursed scroll of confuse monster
  an uncursed scroll of identify
  a blessed scroll of create monster
  an uncursed scroll of earth
  2 uncursed scrolls of enchant weapon
  a blessed scroll of stinking cloud
  a blessed spellbook of force bolt
  an uncursed spellbook of healing
  an uncursed spellbook of sleep
  an uncursed potion of oil
  an uncursed potion of levitation
  a cursed potion of fruit juice
  3 uncursed potions of extra healing
  a cursed potion of extra healing
  an uncursed potion of full healing
  an uncursed potion of healing
  a cursed potion of healing
  an uncursed potion of water

IanCurtis the Wizard's attributes:

Background:
 You were a Thaumaturge, a level 6 male elven Wizard.
 You were chaotic, on a mission for Anhur
 who was opposed by Ptah (lawful) and Thoth (neutral).
 You were right-handed.
 You were in the Dungeons of Doom, on level 8.
 You entered the dungeon 3957 turns ago.
 You had 602 experience points, 38 more were needed to attain level 7.

Basics:
 You had 0 out of 41 hit points.
 You had all 75 energy points (spell power).
 Your armor class was 7.
 Your wallet contained 271 zorkmids.
 Autopickup was off.

Final Characteristics:
 Your strength was 25 (base:12, innate limit:18).
 Your dexterity was 9 (limit:18).
 Your constitution was 14 (limit:16).
 Your intelligence was 18 (limit:20).
 Your wisdom was 13 (limit:20).
 Your charisma was 13 (limit:18).

Final Status:
 You weren't hungry.
 You were unencumbered.
 You were wielding a quarterstaff.
 You were skilled in quarterstaff.

Final Attributes:
 You were piously aligned.
 You were magic-protected.
 You were sleep resistant.
 You were telepathic.
 You had infravision.
 You were warded.
 You are dead.

Miscellaneous:
 You didn't encounter any bones levels.
 Total elapsed playing time was 32 minutes and 5 seconds.

Major events:
 Turn
    1: IanCurtis the chaotic male elven Wizard entered the dungeon
  215: attained the rank of Conjurer (level 3)
 2443: attained the rank of Thaumaturge (level 6)
 3957: killed by a soldier ant

Spells:
 Name                 Level Category     Fail Retention
 force bolt             1   attack        13%   81%-90%
 sleep                  3   enchantment   25%   81%-90%
 healing                1   healing       13%  76%-100%

Skills:
 Fighting Skills
   bare handed combat [Unskilled]
   riding             [Unskilled]
 Weapon Skills
   dagger             [Unskilled]
   knife              [Unskilled]
   axe                [Unskilled]
   short sword        [Unskilled]
   club               [Unskilled]
   mace               [Unskilled]
   quarterstaff       [Skilled]
   polearms           [Unskilled]
   spear              [Unskilled]
   trident            [Unskilled]
   sling              [Unskilled]
   dart               [Unskilled]
   shuriken           [Unskilled]
 Spellcasting Skills
   attack spells      [Basic]
   healing spells     [Unskilled]
   divination spells  [Unskilled]
   enchantment spells [Basic]
   clerical spells    [Unskilled]
   escape spells      [Unskilled]
   matter spells      [Unskilled]

Voluntary challenges:
 Character rerolling was not enabled.
 You never genocided any monsters.
 You never polymorphed an object.
 You never changed form.
 You used no wishes.
Achievements:
 You attained the rank of Conjurer.
 You entered a shop.
 You attained the rank of Thaumaturge.

 The Dungeons of Doom: levels 1 to 8
    Level 1:
    Level 2:
       An armor shop.
    Level 3:
    Level 4:
       An altar, some fountains, a grave.
    Level 5:
       A fountain.
    Level 6:
    Level 7:
    Level 8: <- You were here.
       A fountain.
       Final resting place for
          you, killed by a soldier ant.


Vanquished creatures:
  a small mimic
  a giant beetle
  2 leprechauns
  a dingo
  a snake
  a rope golem
  a fire ant
 an imp
 an Uruk-hai
  2 rock piercers
  9 fog clouds
  2 yellow lights
 an elf zombie
  a giant ant
  a little dog
  4 floating eyes
  a homunculus
  a kobold leader
  a hill orc
  a rothe
  a giant bat
  a monkey
  a wererat
 an iguana
  a coyote
  6 manes
  a hobgoblin
  2 giant rats
  a cave spider
  a green mold
  6 garter snakes
  3 geckos
  2 jackals
  2 foxes
  a goblin
  3 grid bugs
  6 lichens
  6 newts
79 creatures vanquished.

No species were genocided or became extinct.

Game over:
                       ----------
                      /          \
                     /    REST    \
                    /      IN      \
                   /     PEACE      \
                  /                  \
                  |    IanCurtis     |
                  |      271 Au      |
                  |   killed by a    |
                  |   soldier ant    |
                  |                  |
                  |                  |
                  |       2026       |
                 *|     *  *  *      | *
        _________)/\\_//(\/(/\)/\//\/|_)_______

Goodbye IanCurtis the Wizard...

You died in The Dungeons of Doom on dungeon level 8 with 3002 points,
and 271 pieces of gold, after 3957 moves.
You were level 6 with a maximum of 41 hit points when you died.

